Map: [ESL] Inside and Out

Players

iGMacSed (MacSed) - Winner!

  • Race: Protoss Protoss

DPGJieShi (Jieshi)

  • Race: Protoss Protoss

Event: DreamHack SC2 Masters 2022 Atlanta (Online)

VOD

Have the link to the VOD?

Description

Time

  • Played on: Oct. 6, 2022, 8:14 a.m.
  • Length: 8:56

All games in this series

Show
View Real Time Build Order
Export as new Build Order

iGMacSed Protoss - Winner!

Build Orders: 1 Gate Expand 

Get SALT Encoding   

  12  0:01  Probe  
  13  0:13  Probe  
  14  0:20  Pylon  
  14  0:25  Probe  
  15  0:38  Probe (Chrono Boost)  
  15  0:39  Gateway  
  16  0:47  Probe (Chrono Boost), Assimilator  
  17  0:52  Probe  
  18  1:04  Probe  
  19  1:17  Probe  
  20  1:30  Cybernetics Core  
  23  1:37  Nexus  
  23  1:38  Probe  
  21  1:47  Assimilator  
  21  1:50  Probe  
  22  1:54  Pylon  
  21  2:03  Probe  
  22  2:12  Stalker (Chrono Boost)  
  22  2:14  Warp Gate  
  22  2:15  Probe  
  25  2:25  Gateway  
  25  2:27  Probe  
  26  2:35  Stalker  
  28  2:39  Probe  
  29  2:46  Shield Battery  
  30  2:51  Probe  
  30  2:54  Probe  
  31  3:00  Robotics Facility  
  31  3:03  Probe (Chrono Boost)  
  31  3:05  Sentry  
  34  3:06  Probe (Chrono Boost)  
  36  3:14  Probe (Chrono Boost)  
  36  3:15  Probe (Chrono Boost)  
  36  3:19  Probe (Chrono Boost)  
  37  3:20  Probe  
  39  3:29  Probe  
  39  3:30  Pylon  
  39  3:32  Probe  
  41  3:39  Pylon  
  41  3:41  Probe  
  41  3:44  Probe  
  41  3:47  Observer (Chrono Boost)  
  44  3:53  Forge  
  44  3:54  Probe  
  45  3:57  Pylon  
  45  4:02  Adept  
  51  4:03  Adept  
  47  4:19  Pylon  
  47  4:21  Immortal (Chrono Boost), Probe  
  47  4:27  Pylon  
  47  4:30  Protoss Ground Weapons Level 1  
  47  4:31  Probe  
  48  4:34  Probe  
  49  4:41  Twilight Council  
  49  4:43  Probe  
  50  4:46  Probe  
  50  4:47  Assimilator  
  50  4:48  Adept  
  53  4:54  Immortal  
  53  4:55  Probe  
  53  4:58  Probe  
  59  5:00  Gateway  
  59  5:06  Observer  
  59  5:09  Adept x2  
  61  5:15  Resonating Glaives (Chrono Boost)  
  61  5:20  Gateway  
  60  5:21  Gateway  
  60  5:24  Probe  
  61  5:30  Stalker  
  61  5:32  Stalker  
  57  5:46  Warp Prism (Chrono Boost)  
  58  5:55  Stalker  
  60  6:01  Stalker  
  62  6:07  Probe  
  63  6:12  Adept  
  63  6:14  Adept  
  63  6:17  Adept  
  69  6:31  Probe  
  68  6:32  Adept x2  
  68  6:33  Adept  
  74  6:46  Adept x2  
  76  6:51  Shield Battery  
  76  6:54  Adept  
  78  7:05  Pylon  
  78  7:07  Pylon  
  78  7:11  Observer  
  72  7:22  Adept x2  
  72  7:23  Adept x3  
  78  7:43  Adept x5  
  86  7:47  Probe x2  
  80  8:02  Adept x3  
  78  8:06  Adept  
  73  8:20  Stalker x2  
Show
View Real Time Build Order
Export as new Build Order

DPGJieShi Protoss 

Build Orders: 1 Gate Expand 

Get SALT Encoding   

  12  0:01  Probe  
  13  0:13  Probe  
  14  0:19  Pylon  
  14  0:25  Probe (Chrono Boost)  
  15  0:37  Probe (Chrono Boost)  
  15  0:38  Gateway  
  16  0:46  Probe (Chrono Boost)  
  16  0:47  Assimilator  
  17  0:51  Probe  
  18  1:04  Probe  
  19  1:16  Probe  
  20  1:18  Pylon  
  20  1:26  Cybernetics Core  
  20  1:34  Nexus  
  20  1:36  Probe  
  21  1:45  Pylon  
  21  1:48  Probe  
  22  2:00  Probe  
  23  2:02  Warp Gate (Chrono Boost)  
  23  2:05  Stalker (Chrono Boost)  
  25  2:13  Probe  
  26  2:18  Pylon  
  26  2:25  Probe, Stalker (Chrono Boost)  
  29  2:34  Assimilator  
  29  2:36  Gateway  
  29  2:38  Probe  
  30  2:46  Gateway  
  31  2:52  Probe  
  31  2:53  Stalker (Chrono Boost)  
  33  2:59  Probe  
  33  3:05  Probe  
  35  3:09  Shield Battery  
  35  3:12  Shield Battery  
  35  3:16  Probe  
  35  3:17  Probe  
  37  3:28  Probe  
  37  3:29  Probe  
  39  3:35  Pylon  
  39  3:40  Probe  
  39  3:41  Probe  
  41  3:45  Adept x2  
  41  3:46  Adept  
  47  3:49  Stargate  
  47  3:52  Probe  
  47  3:53  Probe  
  49  3:57  Pylon  
  49  4:04  Probe  
  49  4:05  Probe  
  49  4:17  Probe  
  50  4:26  Probe  
  50  4:29  Probe, Assimilator  
  50  4:31  Oracle (Chrono Boost)  
  52  4:32  Assimilator  
  55  4:40  Robotics Facility  
  55  4:42  Adept  
  55  4:43  Nexus  
  55  4:44  Pylon  
  57  4:47  Gateway  
  57  4:50  Probe x2  
  59  5:02  Probe  
  59  5:03  Probe  
  61  5:07  Oracle (Chrono Boost)  
  64  5:14  Probe  
  59  5:23  Twilight Council, Probe  
  59  5:24  Gateway  
  59  5:26  Gateway, Probe  
  59  5:28  Gateway  
  61  5:31  Observer (Chrono Boost)  
  62  5:44  Immortal (Chrono Boost)  
  62  5:48  Pylon  
  66  5:52  Shield Battery, Probe x2  
  66  5:55  Adept  
  66  5:56  Adept x2  
  74  5:58  Twilight Council  
  74  6:02  Adept, Blink (Chrono Boost)  
  77  6:04  Probe  
  77  6:05  Probe  
  78  6:18  Probe, Gateway  
  80  6:21  Gateway  
  80  6:25  Immortal (Chrono Boost)  
  79  6:29  Adept  
  84  6:35  Probe x2  
  84  6:36  Probe  
  85  6:44  Forge  
  85  6:45  Stalker  
  87  6:47  Probe  
  87  6:59  Adept x2  
  90  7:01  Immortal (Chrono Boost)  
  89  7:13  Adept x4  
  89  7:14  Resonating Glaives  
  90  7:22  Adept x3  
  78  7:36  Probe  
  79  7:37  Sentry  
  79  7:38  Adept x2  
  83  7:45  Zealot  
  83  7:46  Zealot  
  81  7:55  Cybernetics Core  
  81  8:00  Zealot x3  
  78  8:09  Zealot x2  
  78  8:10  Zealot  
  58  8:20  Zealot  
  58  8:21  Zealot  
Tags
 
Add a new tag
Caveats
  • Supply blocks, unpowered buildings, or Contaminate may cause inaccurate times.
  • Supply counts are checked every 10 seconds.